 Dungeon Crawl Stone Soup version 0.27-a0-277-g024f7ef292 (webtiles) character file.

Game seed: 13503282385934200522

337 siradein the Grave Robber (level 6, -1/41 HPs)
             Began as a Vampire Necromancer on Feb 7, 2021.
             Was a Follower of Vehumet.
             Slain by a phantom (7 damage)
             ... on level 4 of the Dungeon.
             The game lasted 00:18:49 (3986 turns).

siradein the Grave Robber (Vampire Necromancer)     Turns: 3986, Time: 00:18:49

Health: -1/41      AC:  3    Str:  7    XL:     6   Next: 28%
Magic:  21/21      EV: 12    Int: 20    God:    Vehumet [*.....]
Gold:   214        SH:  0    Dex: 14    Spells: 5/14 levels left

rFire    . . .     SeeInvis +   n - +2 rapier (drain)
rCold    . . .     Faith    .   (no shield)
rNeg     . . .     Spirit   .   k - +0 robe
rPois    .         Reflect  .   (no helmet)
rElec    .         Harm     .   d - +0 cloak
rCorr    .         Rampage  .   (no gloves)
Will     .....                  (no boots)
Stlth    ++........             o - amulet of the acrobat
HPRegen  0.33/turn              l - ring of flight
MPRegen  0.17/turn              f - ring of magical power

@: regenerating quickly
A: fangs 3, see invisible, unbreathing
a: Exsanguinate, Renounce Religion, Evoke Flight


You were on level 4 of the Dungeon.
You worshipped Vehumet.
Vehumet was aware of your devotion.
You visited 1 branch of the dungeon, and saw 4 of its levels.

You collected 214 gold pieces.

Inventory:

Hand Weapons
 n - a +2 rapier of draining (weapon)
Armour
 d - a +0 cloak (worn)
 k - a +0 robe (worn)
Jewellery
 f - a ring of magical power (right hand)
 l - a ring of flight (left hand)
 o - an amulet of the acrobat (around neck)
Scrolls
 h - a scroll of teleportation
 j - a scroll of remove curse
Potions
 a - a potion of heal wounds {unknown}
 b - 2 potions of attraction {unknown}
 c - 2 potions of curing {unknown}
 e - a potion of might
 g - a potion of ambrosia {unknown}
 i - 2 potions of lignification {unknown}


   Skills:
 - Level 2.1 Dodging
 - Level 3.0 Stealth
 + Level 4.5 Spellcasting
 + Level 6.7 Necromancy


You had 5 spell levels left.
You knew the following spells:

 Your Spells              Type           Power        Failure   Level
a - Pain                  Necr           100%         1%          1
b - Animate Skeleton      Necr           62%          1%          1
c - Vampiric Draining     Necr           15%          2%          3
d - Animate Dead          Necr           15%          8%          4

Your spell library contained the following spells:

 Spells                   Type           Power        Failure   Level
 Magic Dart               Conj           16%          12%         1
 Agony                    Necr           31%          22%         5


Dungeon Overview and Level Annotations

Branches:
Dungeon (4/15)
 Temple: D:4-7

Altars:
Ashenzari
Elyvilon
Kikubaaqudgha
Qazlal
Sif Muna
Uskayaw
Vehumet


Innate Abilities, Weirdness & Mutations

Your natural rate of healing is unusually fast.
You have razor-sharp teeth.
You have supernaturally acute eyesight. (SInv)
You can survive without breathing.


Message History

* * * LOW HITPOINT WARNING * * *
The phantom blinks!
You blink.
You hit the phantom. You bite the phantom, but do no damage.
The phantom is heavily damaged.
The phantom closely misses you.
You hit the phantom but do no damage.
The phantom is heavily damaged.
The phantom barely misses you.
You hit the phantom but do no damage.
The phantom is heavily damaged.
The phantom misses you.
You closely miss the phantom. Your bite misses the phantom.
The phantom is heavily damaged.
The phantom barely misses you.
You barely miss the phantom.
The phantom is heavily damaged.
The phantom hits you!
* * * LOW HITPOINT WARNING * * *
The phantom blinks!
You blink.
The phantom hits you!
You die...

#..#.##........##### #........
#..#....####.......# ##......#.
...####.#...#..###.# #.<.#####.
........#.#......#.# #...# #.
.#.######...#..#§#.# #...# #.
...# ##.##....§.# #...# ##
.#########.##.##.### #...# #
.#......##.##<##W#######...######
.#......#.......@#.§.............
.#...............................
.#......#...#.##.#...............
.#......##.##..#.#######...######
.#########.###.#.# #...# # ##
#.......# #...# # #####.### #...#
##### ##.#########...# ....#
#####..............#


You could see a phantom.

Vanquished Creatures
  A scorpion (D:4)
  An iguana (D:4)
  A worker ant (D:4)
  Natasha (twice) (D:3)
  An orc wizard (D:3)
  6 adders
  An ooze (D:1)
  A worm (D:3)
  4 dart slugs
  3 leopard geckos
  8 orcs (D:3)
  A ball python (D:2)
  2 giant cockroaches
  11 goblins
  6 hobgoblins
  4 kobolds
  6 bats
  4 frilled lizards
  A leopard gecko skeleton (D:4)
  6 rats
70 creatures vanquished.

Vanquished Creatures (collateral kills)
  Natasha (D:3)
  A goblin (D:2)
2 creatures vanquished.

Grand Total: 72 creatures vanquished

Notes
Turn   | Place    | Note
-------+----------+-------------------------------------------
     0 | D:1      | siradein the Vampire Necromancer began the quest for the
                  | Orb.
     0 | D:1      | Reached XP level 1. HP: 13/13 MP: 3/3
   374 | D:1      | Reached XP level 2. HP: 15/19 MP: 0/5
  1063 | D:1      | Reached skill level 5 in Necromancy
  1063 | D:1      | Reached XP level 3. HP: 22/24 MP: 4/7
  1530 | D:2      | Learned a level 1 spell: Animate Skeleton
  1534 | D:2      | Learned a level 3 spell: Vampiric Draining
  1565 | D:2      | Reached XP level 4. HP: 29/30 MP: 3/8
  1795 | D:2      | Found a radiant altar of Vehumet.
  1799 | D:2      | Found a hide-covered altar of Uskayaw.
  1803 | D:2      | Found a broken altar of Ashenzari.
  1822 | D:2      | Became a worshipper of Vehumet
  2408 | D:3      | Noticed Natasha
  2416 | D:3      | Killed Natasha
  2417 | D:3      | Reached XP level 5. HP: 28/35 MP: 0/10
  2443 | D:3      | Noticed Natasha
  2460 | D:3      | Killed Natasha
  2606 | D:3      | Reached skill level 6 in Necromancy
  2795 | D:3      | Reached * piety under Vehumet
  2795 | D:3      | Offered knowledge of Magic Dart by Vehumet.
  2801 | D:3      | Learned a level 4 spell: Animate Dead
  2803 | D:3      | Learned a level 1 spell: Magic Dart
  2945 | D:3      | Found a white marble altar of Elyvilon.
  2945 | D:3      | Found a faded altar of an unknown god.
  2968 | D:3      | Found an ancient bone altar of Kikubaaqudgha.
  2970 | D:3      | Found a shimmering blue altar of Sif Muna.
  2972 | D:3      | Found a stormy altar of Qazlal.
  3199 | D:3      | Noticed Natasha
  3203 | D:3      | Killed Natasha
  3576 | D:4      | Reached XP level 6. HP: 41/41 MP: 12/12
  3986 | D:4      | Slain by a phantom

Illustrated notes

Levels and vault maps discovered:
D:1:      mushboom_english_gardens, layout_basic
D:2:      layout_rooms, grunt_temple_overflow_diamond, fountainhead,
          minmay_between
D:3:      layout_loops_cross, chequers_temple_overflow_minitemple, uniq_natasha
D:4:      layout_loops_cross

Skill      XL: |  1  2  3  4  5 |
---------------+----------------+-----
Necromancy     | 5 6 |  6.7
Spellcasting   | 3 4 |  4.5
Dodging        | |  2.1
Stealth        | |  3.0

Action                   |  1- 3 |  4- 6 || total
-------------------------+-------+-------++-------
Melee: Short sword       |     2 |     5 ||     7
       Rapier            |       |    16 ||    16
       Bite              |       |     3 ||     3
 Cast: Pain              |    58 |    88 ||   146
       Animate Skeleton  |     2 |     9 ||    11
       Vampiric Draining |       |     4 ||     4
  Use: Scroll            |       |     4 ||     4
Armor: Robe              |     1 |     4 ||     5
Dodge: Dodged            |     8 |    25 ||    33

Table legend: (Time is in decaauts)
 A = Elapsed time spent in this place.
 B = Non-inter-level travel time spent in this place.
 C = Inter-level travel time spent in this place.
 D = Time resting spent in this place.
 E = Time spent auto-exploring this place.
 F = Levels seen in this place.
 G = Mean time per level.
                   A        B        C        D        E       F      G
               +--------+--------+--------+--------+--------+-----+--------+
         Total |   4016 |   3939 |     77 |     70 |   3227 |   4 | 1004.0 |
       Dungeon |   4016 |   3939 |     77 |     70 |   3227 |   4 | 1004.0 |
               +--------+--------+--------+--------+--------+-----+--------+

Top non-repeatable levels by time:
     D:1: 1313 daAuts
     D:3: 1195 daAuts
     D:2: 915 daAuts
     D:4: 592 daAuts
